 Dungeon Crawl Stone Soup version 0.29-a0-541-gaf1fc19f1b (webtiles) character file.

Game seed: 17926701766765698090

32 benadryl the Skirmisher (level 3, -4/33 HPs)
             Began as a Meteoran Fighter on June 2, 2022.
             Shot with a sling bullet by a goblin (5 damage)
             ... on level 3 of the Dungeon.
             The game lasted 00:03:52 (890 turns).

benadryl the Skirmisher (Meteoran Fighter)           Turns: 890, Time: 00:03:53

Health: -4/33      AC:  6    Str: 19    XL:     3   Next: 64%
Magic:  4/4        EV:  9    Int: 10    God:
Gold:   37         SH:  5    Dex: 13    Spells: 2/2 levels left

rFire   . . .      SeeInvis .   a - +0 war axe
rCold   . . .      Faith    .   c - +0 buckler
rNeg    . . .      Spirit   .   b - +0 scale mail
rPois   .          Reflect  .   (no helmet)
rElec   .          Harm     .   (no cloak)
rCorr   .          Rampage  .   (no gloves)
Will    .....                   (no boots)
Stlth   ..........              (no amulet)
HPRegen 0.11/turn               (no ring)
MPRegen 0.09/turn               (no ring)

@: lethally poisoned (-4 -> -5), glowing
A: sense surroundings 1, otherworldly, glowing, explore regen
a: no special abilities


You were on level 3 of the Dungeon.
You visited 1 branch of the dungeon, and saw 3 of its levels.

You collected 37 gold pieces.

Inventory:

Hand Weapons
 a - a +0 war axe (weapon)
Missiles
 j - 5 poisoned darts (quivered)
Armour
 b - a +0 scale mail (worn)
 c - a +0 buckler (worn)
 k - the +3 leather armour "Uhisi" {rF++ Int+5}
   (You found it on level 3 of the Dungeon)

   Int:       It affects your intelligence (+5).
   rF:        It greatly protects you from fire.
Scrolls
 e - a scroll of identify {unknown}
 i - a scroll of enchant weapon {unknown}
Potions
 d - a potion of might
 f - a potion of lignification {unknown}
 g - a potion of ambrosia {unknown}
 h - a potion of mutation {unknown}


   Skills:
 * Level 4.1 Fighting
 + Level 3.0 Axes
 - Level 3.6 Armour
 + Level 4.0 Shields


You had 2 spell levels left.
You didn't know any spells.
Your spell library contained the following spells:

 Spells                   Type           Power      Damage    Failure   Level
 Static Discharge         Conj/Air       0%         N/A       91%         2
 Dispel Undead            Necr           0%         3d6       100%        4
 Sticky Flame             Conj/Fire      0%         2d3       100%        4


Dungeon Overview and Level Annotations

Branches:
Dungeon (3/15)

Altars:


Innate Abilities, Weirdness & Mutations

You passively map a small area around you.
You are easily found by Zot.
You glow in the dark.
You regain HP and MP as you explore.


Message History

You barely miss the goblin.
You feel very sick.
The orc shouts!
The goblin hits you but does no damage.
You are more poisoned.
You block the goblin's attack. The goblin barely misses you.
You barely miss the goblin. You slash the goblin!
You kill the goblin!
You closely miss the orc.
You feel very sick.
A goblin comes into view. It is wielding a +0 club.
The orc barely misses you. The goblin hits you with a +0 dagger.
The goblin shouts!
You slash the goblin!
You kill the goblin!
You hit the rat.
You kill the rat!
You slash the orc!
You kill the orc!
You feel very sick.
The orc throws a boomerang.
The boomerang completely misses you.
You feel sick.
The goblin unwields a +0 club.
The goblin wields a +0 hunting sling.
The goblin shoots a sling bullet.
You block the sling bullet.
The orc throws a boomerang.
You block the boomerang.
The orc priest calls down the wrath of Beogh upon you.
Beogh smites you!
* * * LOW HITPOINT WARNING * * *
* * * LOW HITPOINT WARNING * * *
You feel sick.
* * * LOW HITPOINT WARNING * * *
You feel sick.
* * * LOW HITPOINT WARNING * * *
You feel sick.
* * * LOW HITPOINT WARNING * * *
You feel sick.
There is a stone staircase leading up here.
* * * LOW HITPOINT WARNING * * *
You feel sick.
The goblin shoots a sling bullet.
The sling bullet hits you.
You die...

. #.##......#.. *
..##......g.....
***
........o)...... ,
* ,
#......wo)......
................ ,
+##..........##.#
#####.##....#.# *
#.##.#....# ,
#@##.#...#. , ,8,
,*#..#.#..... ,,,,
,,##)........,....#
, +.#†.#.#.# *..#..
, , ,,#.#.<#.#.#
#.#.. * 8
#......#.# .... * ,
,, , ##...#...##..#
, ,
#..........#...##
*#...(...#.......#


You could see a worm, an orc priest, an orc and a goblin.

Vanquished Creatures
  An orc (D:3)
  3 endoplasms (D:2)
  A giant cockroach (D:1)
  3 goblins
  4 hobgoblins
  4 jackals (D:2)
  A kobold (D:2)
  A quokka (D:1)
  5 ball pythons
  A bat (D:2)
  3 rats
27 creatures vanquished.

Notes
Turn   | Place    | Note
-------+----------+-------------------------------------------
     0 | D:1      | benadryl the Meteoran Fighter began the quest for the Orb.
     0 | D:1      | Reached XP level 1. HP: 19/19 MP: 2/2
   154 | D:1      | Reached XP level 2. HP: 26/26 MP: 3/3
   755 | D:2      | Reached XP level 3. HP: 33/33 MP: 4/4
   880 | D:3      | Identified the +3 leather armour "Uhisi" {rF++ Int+5}
   890 | D:3      | HP: 1/33 [poisoned by a goblin]
   890 | D:3      | Shot with a sling bullet by a goblin

Illustrated notes

Levels and vault maps discovered:
D:1:      zelgadis_glass_arrival_small, layout_loops_cross,
          minmay_strange_pillars, minivault_14, minmay_misc_feat_ornament
D:2:      layout_basic
D:3:      layout_rooms, marbit_many_paths, minmay_misc_feat_diagonals,
          dk_noncrumbling_3, minivault_26, minmay_bisected

Skill      XL: |  1  2  3 |
---------------+----------+-----
Shields        | 4 |  4.0
Fighting       | 4 |  4.1
Axes           | 3 |  3.0
Armour         | |  3.6

Action                   || total
-------------------------++-------
Melee: War axe           ||    66
Armor: Scale mail        ||    42
Dodge: Dodged            ||    31
Block: Buckler           ||    15

Table legend: (Time is in decaauts)
 A = Elapsed time spent in this place.
 B = Non-inter-level travel time spent in this place.
 C = Inter-level travel time spent in this place.
 D = Time resting spent in this place.
 E = Time spent auto-exploring this place.
 F = Levels seen in this place.
 G = Mean time per level.
                   A        B        C        D        E       F      G
               +--------+--------+--------+--------+--------+-----+--------+
         Total |    916 |    413 |    503 |      0 |      0 |   3 |  305.3 |
       Dungeon |    916 |    413 |    503 |      0 |      0 |   3 |  305.3 |
               +--------+--------+--------+--------+--------+-----+--------+

Top non-repeatable levels by time:
     D:2: 664 daAuts
     D:1: 207 daAuts
     D:3: 43 daAuts
